 Dungeon Crawl Stone Soup version 0.31-a0-150-g89dc3ad700 (webtiles) character file.

Game seed: 11884759005275453640

204 qw the Shooter (level 5, -3/32 HPs)
             Began as a Gargoyle Hunter on June 8, 2023.
             Slain by a gnoll
             ... wielding a +0 club
              (7 damage)
             ... on level 4 of the Dungeon.
             The game lasted 00:00:55 (2356 turns).

qw the Shooter (Gargoyle Hunter)                    Turns: 2356, Time: 00:00:55

Health: -3/32      AC:  9    Str: 21    XL:     5   Next: 82%
Magic:  5/5        EV: 11    Int:  9    God:
Gold:   176        SH:  0    Dex: 15    Spells: 4/4 levels left

rFire   . . .        Y - +1 shortbow
rCold   . . .        (shield currently unavailable)
rNeg    + . .        b - +0 ring mail
rPois   inf          (no helmet)
rElec   +            (no cloak)
rCorr   +            (no gloves)
SInv    .            (no boots)
Will    .....        (no amulet)
Stlth   +            i - +6 ring of strength
HPRegen 0.25/turn    e - ring of resist corrosion
MPRegen 0.09/turn

%: no passive effects
@: no status effects
A: sickness immunity, AC +4, negative energy resistance 1, electricity
resistance, torment resistance 1, petrification resistance
a: no special abilities


You were on level 4 of the Dungeon.
You visited 1 branch of the dungeon, and saw 4 of its levels.

You collected 176 gold pieces.


Innate Abilities, Weirdness & Mutations

You are immune to sickness and miasma.
Your stone body is resilient. (AC +4)
You are immune to poison.
You resist negative energy. (rN+)
You are resistant to electric shocks. (rElec)
You are resistant to unholy torment.
You are immune to petrification.


   Skills:
 - Level 3.0 Fighting
 + Level 5.8 Ranged Weapons
 - Level 3.0 Armour
 - Level 1.5 Dodging
 - Level 1.1 Stealth


You had 4 spell levels left.
You didn't know any spells.
Your spell library was empty.

Inventory:

Hand Weapons
 Y - a +1 shortbow (weapon)
Armour
 b - a +0 ring mail (worn)
Jewellery
 e - a ring of resist corrosion (right hand)
 i - a +6 ring of strength (left hand)
Scrolls
 c - a scroll of noise {unknown}
 h - a scroll of identify
Potions
 a - 2 potions of curing
 d - a potion of haste {unknown}
 f - a potion of attraction {unknown}
 g - a potion of heal wounds {unknown}
 j - a potion of brilliance {unknown}

Dungeon Overview and Level Annotations

Branches:
Dungeon (4/15)
 Temple: D:4-7

Altars:
Dithmenos
Hepliaklqana
Kikubaaqudgha
Ru
Uskayaw
Xom
Yredelemnul
Zin
The Shining One

Shops:
D:2 :::


Message History

You shoot an arrow.
The arrow hits the gnoll but does no damage.
The gnoll is almost dead.
The gnoll hits you with a +0 club. The gnoll misses you.
The gnoll closely misses you. The gnoll hits you with a +0 club.
You shoot an arrow. The arrow hits the gnoll.
The gnoll is almost dead.
The gnoll hits you with a +0 flail. The gnoll barely misses you.
You shoot an arrow. The arrow barely misses the gnoll.
The gnoll barely misses you. The gnoll hits you but does no damage.
You shoot an arrow.
The arrow hits the gnoll but does no damage.
The gnoll is almost dead.
The gnoll closely misses you. The gnoll barely misses you.
You shoot an arrow. The arrow hits the gnoll.
You kill the gnoll!
The gnoll hits you with a +0 club.
You shoot an arrow. The arrow closely misses the gnoll.
The gnoll hits you but does no damage. The gnoll hits you with a +0 club.
You shoot an arrow. The arrow closely misses the gnoll.
The gnoll closely misses you.
You shoot an arrow. The arrow hits the gnoll.
The gnoll is lightly wounded.
The gnoll hits you but does no damage.
You shoot an arrow.
The arrow hits the gnoll but does no damage.
The gnoll is lightly wounded.
The gnoll hits you but does no damage.
You shoot an arrow. The arrow hits the gnoll.
The gnoll is moderately wounded.
The gnoll barely misses you.
You shoot an arrow. The arrow barely misses the gnoll.
The gnoll hits you with a +0 club.
You shoot an arrow.
The arrow hits the gnoll but does no damage.
The gnoll is moderately wounded.
The gnoll hits you with a +0 club.
You shoot an arrow. The arrow barely misses the gnoll.
The gnoll hits you with a +0 club!
You die...

### ##### #.##
##...## ##.#
##########.....##
##.
.....))@........##
#.
.######g.........##
## ##..........## #
##..........##
#...........###
##............##
##........#...#
##........#..#
##...........


You could see a gnoll.

Vanquished Creatures
  A phantom (D:4)
  An orc wizard (D:3)
  An adder (D:4)
  2 gnolls (D:4)
  2 worms
  2 dart slugs
  5 orcs (D:3)
  2 ball pythons
  4 bats
  5 endoplasms
  5 giant cockroaches
  6 goblins
  2 hobgoblins
  2 jackals (D:2)
  3 quokkas
  6 frilled lizards
  3 kobolds
  6 rats
  A spectral orc (D:3)
59 creatures vanquished.

Notes
Turn   | Place    | Note
-------+----------+-------------------------------------------
     0 | D:1      | qw the Gargoyle Hunter began the quest for the Orb.
     0 | D:1      | Reached XP level 1. HP: 12/12 MP: 1/1
     0 | D:1      | 0 ||| qw: Version: 0.2-a-119-g7aa9181
     0 | D:1      | 0 ||| qw: Game counter: 2824
     0 | D:1      | 0 ||| qw: Always use a shield: true
     0 | D:1      | 0 ||| qw: God list: Okawaru
     0 | D:1      | 0 ||| qw: Allow faded altars: false
     0 | D:1      | 0 ||| qw: Do Orc after D:15 true
     0 | D:1      | 0 ||| qw: Do second Lair branch before Depths: true
     0 | D:1      | 0 ||| qw: Lair rune preference: random
     0 | D:1      | 0 ||| qw: Plans: Normal
     0 | D:1      | 0 ||| PLANNING D:1-11
    64 | D:1      | Reached XP level 2. HP: 14/17 MP: 2/2
   200 | D:1      | Found a faded altar of an unknown god.
   535 | D:1      | Reached XP level 3. HP: 21/21 MP: 3/3
   753 | D:1      | 753 ||| UPGRADING to +6 ring of strength.
   754 | D:1      | 754 ||| READING scroll labelled WOMARU FENUUF.
   755 | D:1      | 755 ||| READING scroll labelled WURADGH YFFO.
   756 | D:1      | 756 ||| DRINKING 2 fizzy purple potions.
   802 | D:1      | 802 ||| DROPPING scroll of butterflies.
   803 | D:1      | 803 ||| DROPPING potion of lignification.
   888 | D:2      | Reached skill level 5 in Ranged Weapons
   892 | D:2      | Found Hahing's Book Boutique.
  1016 | D:2      | Found Kinwuily's Book Shop.
  1217 | D:2      | Found Xabim's Book Shoppe.
  1501 | D:2      | 1501 ||| READING scroll labelled NEASEYBLETS.
  1544 | D:3      | Found an ancient bone altar of Kikubaaqudgha.
  1545 | D:3      | Found a sacrificial altar of Ru.
  1546 | D:3      | Found a shadowy altar of Dithmenos.
  1546 | D:3      | Found a shimmering altar of Xom.
  1548 | D:3      | Found a glowing silver altar of Zin.
  1549 | D:3      | Found a hazy altar of Hepliaklqana.
  1578 | D:3      | Found a hide-covered altar of Uskayaw.
  1587 | D:3      | Reached skill level 3 in Fighting
  1599 | D:3      | HP: 5/23 [something (3)]
  1600 | D:3      | HP: 2/23 [something (1)]
  1602 | D:3      | Reached XP level 4. HP: 3/28 MP: 4/4
  1799 | D:3      | You fall into a shaft and drop 1 floor!
  1820 | D:4      | 1820 ||| DROPPING amulet of magic regeneration.
  1821 | D:4      | 1821 ||| UPGRADING to ring of resist corrosion.
  1822 | D:4      | 1822 ||| DRINKING 2 fuming pink potions.
  1944 | D:3      | Found a glowing golden altar of the Shining One.
  1994 | D:3      | Found a basalt altar of Yredelemnul.
  2192 | D:3      | 2192 ||| UPGRADING to +0 ring mail.
  2202 | D:3      | 2202 ||| DROPPING +0 leather armour.
  2203 | D:3      | 2203 ||| READING scroll labelled YMUNUR YSTRIUZI.
  2243 | D:4      | Noticed a phantom
  2253 | D:4      | Killed a phantom
  2254 | D:4      | Reached skill level 3 in Armour
  2254 | D:4      | Reached XP level 5. HP: 28/32 MP: 5/5
  2349 | D:4      | HP: 8/32 [gnoll/+0 club (4)]
  2354 | D:4      | HP: 8/32 [gnoll/+0 club (1)]
  2355 | D:4      | HP: 3/32 [gnoll/+0 club (5)]
  2356 | D:4      | Slain by a gnoll

Levels and vault maps discovered:
D:1:      dpeg_arrival_leaves_temple_mockup, layout_basic,
          basic_ecumenical_altar
D:2:      layout_basic, serial_shops, nicolae_shop_window_shopping, shop,
          shop_statue
D:3:      layout_rooms, yredelemnul_forgotten_temple_becter, lemuel_tele_altar,
          grunt_temple_overflow_open, tso_oasis_becter, dk_noncrumbling_2,
          supply_closet_lemuel
D:4:      layout_layer_cave, kennysheep_generic_room_12

Skill      XL: |  1  2  3  4 |
---------------+-------------+-----
Ranged Weapons | 5 |  5.8
Fighting       | 3 |  3.0
Armour         | 3 |  3.0
Dodging        | |  1.5
Stealth        | |  1.1

Action                     |  1- 3 |  4- 6 || total
---------------------------+-------+-------++-------
   Fire: Shortbow          |   125 |    78 ||   203
    Use: Scroll            |     3 |     1 ||     4
         Potion            |     1 |     1 ||     2
 Armour: Leather armour    |    16 |     1 ||    17
         Ring mail         |       |    13 ||    13
  Dodge: Dodged            |    21 |    24 ||    45

Table legend:
 A = Non-vault XP
 B = Vault XP
 C = Vault XP percentage of total XP
 D = Non-vault monster count
 E = Vault monster count
 F = Vault count percentage of total count
                 A         B        C        D         E       F
            +---------+---------+-------+---------+---------+-------
      Total |     291 |       1 |   0.3 |      58 |       1 |   1.7
            +---------+---------+-------+---------+---------+-------
        D:1 |      34 |       0 |   0.0 |      20 |       0 |   0.0
        D:2 |      29 |       0 |   0.0 |      14 |       0 |   0.0
        D:3 |      73 |       1 |   1.4 |      17 |       1 |   5.6
        D:4 |     155 |       0 |   0.0 |       7 |       0 |   0.0
            +---------+---------+-------+---------+---------+-------
